 Dungeon Crawl Stone Soup version 0.30-a0-168-g0b976cbdc4 (webtiles) character file.

Game seed: 10995264273616022281

1730 qw the Chopper (level 9, -2/54 HPs)
             Began as a Gargoyle Fighter on Sept 29, 2022.
             Was a Believer of Okawaru.
             Shot with an arrow by a centaur warrior (21 damage)
             ... on level 7 of the Dungeon.
             The game lasted 00:02:31 (6603 turns).

qw the Chopper (Gargoyle Fighter)                   Turns: 6603, Time: 00:02:32

Health: -2/54      AC: 24    Str: 23    XL:     9   Next: 5%
Magic:  10/12      EV:  9    Int: 10    God:    Okawaru [**....]
Gold:   81         SH: 21    Dex:  9    Spells: 8/8 levels left

rFire   . . .      SeeInvis .    Y - +3 war axe (freeze)
rCold   . . .      Faith    .    v - +5 kite shield of Supple Strength {Regen+}
rNeg    + + .      Spirit   .    g - +0 chain mail
rPois   inf        Reflect  +    n - +2 helmet
rElec   +          Harm     .    i - +0 cloak
rCorr   .          Rampage  .    (no gloves)
Will    .....                    h - +0 pair of boots
Stlth   ..........               m - amulet of reflection
HPRegen 0.98/turn                f - ring of positive energy
MPRegen 0.13/turn                (no ring)

@: heroic
A: sickness immunity, AC +6, negative energy resistance 1, electricity
resistance, torment resistance 1, petrification resistance
a: Renounce Religion, Heroism


You were on level 7 of the Dungeon.
You worshipped Okawaru.
Okawaru was pleased with you.
You visited 2 branches of the dungeon, and saw 8 of its levels.

You collected 296 gold pieces.
You spent 215 gold pieces at shops.


Innate Abilities, Weirdness & Mutations

You are immune to sickness and miasma.
Your stone body is resilient. (AC +6)
You are immune to poison.
You resist negative energy. (rN+)
You are resistant to electric shocks. (rElec)
You are resistant to unholy torment.
You are immune to petrification.


   Skills:
 - Level 5.4(10.4) Fighting
 - Level 7.0(12.0) Axes
 - Level 4.7(9.7) Armour
 - Level 1.1(6.1) Dodging
 + Level 6.5(11.5) Shields
 - Level 4.2 Invocations


You had 8 spell levels left.
You didn't know any spells.
Your spell library was empty.

Inventory:

Hand Weapons
 a - a +0 morningstar
 Y - a +3 war axe of freezing (weapon)
Missiles
 w - 11 boomerangs (quivered)
Armour
 g - a +0 chain mail (worn)
 h - a +0 pair of boots (worn)
 i - a +0 cloak (worn)
 n - a +2 helmet (worn)
 v - the +5 kite shield of Supple Strength (worn) {Regen+}
   (You found it on level 4 of the Dungeon)

   Regen:     It increases your rate of health regeneration.
Jewellery
 f - a ring of positive energy (left hand)
 m - an amulet of reflection (around neck)
Scrolls
 j - 3 scrolls of teleportation
 s - a scroll of identify
Potions
 b - a potion of magic
 c - a potion of mutation
 d - 8 potions of might
 e - 4 potions of cancellation
 k - a potion of heal wounds
 l - a potion of attraction {unknown}
 p - 3 potions of haste
 q - 3 potions of lignification
 r - a potion of flight {unknown}
 t - a potion of curing
 u - a potion of resistance

Dungeon Overview and Level Annotations

Branches:
Dungeon (7/15)             Temple (1/1) D:4

Altars:
Cheibriados
Dithmenos
Elyvilon
Fedhas
Gozag
Hepliaklqana
Kikubaaqudgha
Makhleb
Nemelex Xobeh
Okawaru
Qazlal
Ru
Sif Muna
Trog
Uskayaw
Wu Jian
Xom
Yredelemnul
Zin
The Shining One

Shops:
D:2 :   D:3 =   D:5 ?   D:6 *


Message History

You block the steam dragon's attack. x2
You hit the steam dragon but do no damage.
The steam dragon is moderately wounded.
You block the steam dragon's attack.
The steam dragon claws you but does no damage.
A two-headed ogre comes into view.
It is wielding two +0 giant spiked clubs.
You slice the steam dragon!! You freeze the steam dragon.
You kill the steam dragon!
Okawaru is honoured by your kill.
Your base Armour skill increases to level 4!
You have reached level 9!
Your experience leads to an increase in your attributes!
Increase (S)trength, (I)ntelligence, or (D)exterity?
You feel stronger. x2
You hit the orc warrior. You freeze the orc warrior.
The orc warrior is moderately wounded.
A centaur warrior comes into view.
You block the orc warrior's attack.
The two-headed ogre is engulfed in a cloud of scalding steam.
The centaur warrior wields a +0 shortbow.
The centaur warrior shoots an arrow.
The arrow hits you!!
You hear a shout!
You hit the orc warrior. You freeze the orc warrior.
The orc warrior is heavily wounded.
You slash the two-headed ogre! You freeze the two-headed ogre.
You hear a shout!
The orc warrior hits you but does no damage.
The two-headed ogre hits you with a +0 giant spiked club!
You block the two-headed ogre's attack.
A shadow imp comes into view.
The centaur warrior shoots an arrow.
You reflect the arrow off an invisible shield around you!
The arrow hits the centaur warrior!!
The shadow imp shouts, "Crawl home, thou horrid mumble-news haggard!"
You hear a shout!
You hear an angry hiss.
You barely miss the orc warrior.
The orc warrior is heavily wounded.
You slash the two-headed ogre! You freeze the two-headed ogre.
The centaur warrior shoots an arrow.
The arrow hits you!!
You die... #..#.# ....#. #....#.# PPP... #....#.# ~P... #....#.# PP... #..#.#.# #. #..#.#g# #. #..#.#{# # #. #..#.#o#c# #. #..#7.@.7 #. #######..#77O77 #. .........# 7Y7

#. ......%#.# ..5 #.
.......#.# 777. #. .......#.#
.Y #. .......#.# #7 #.
.......#.# #.
.......#.###################.


You could see a centaur warrior, a two-headed ogre, an orc warrior, a sky beast,
a gnoll sergeant and a shadow imp.

Vanquished Creatures
  Eustachio (D:6)
  A steam dragon (D:7)
  A water moccasin (D:6)
  A black bear (D:5)
  A phantom (D:7)
  2 bullfrogs (D:6)
  4 scorpions
  A killer bee (D:7)
  3 howler monkeys
  2 orc priests
  5 hounds
  2 iguanas
  6 orc wizards
  Robin (D:3)
  6 gnolls
  5 adders
  2 white imps
  3 ufetubi
  3 dart slugs
  26 orcs
  5 bats
  7 endoplasms
  5 giant cockroaches
  14 goblins
  7 hobgoblins
  3 jackals (D:1)
  3 quokkas
  11 ball pythons
  A frilled lizard (D:1)
  8 kobolds
  7 rats
147 creatures vanquished.

Vanquished Creatures (others)
  8 plants (D:7)
8 creatures vanquished.

Grand Total: 155 creatures vanquished

Notes
Turn   | Place    | Note
-------+----------+-------------------------------------------
     0 | D:1      | qw the Gargoyle Fighter began the quest for the Orb.
     0 | D:1      | Reached XP level 1. HP: 14/14 MP: 1/1
     0 | D:1      | 0 ||| qw: Version: 0.2-a-12-gaebbb33
     0 | D:1      | 0 ||| qw: Game counter: 1239
     0 | D:1      | 0 ||| qw: Always use a shield: true
     0 | D:1      | 0 ||| qw: God list: Okawaru
     0 | D:1      | 0 ||| qw: Allow faded altars: false
     0 | D:1      | 0 ||| qw: Do Orc after D:15 true
     0 | D:1      | 0 ||| qw: Do second Lair branch before Depths: true
     0 | D:1      | 0 ||| qw: Lair rune preference: random
     0 | D:1      | 0 ||| qw: Plans: Normal, Zot:1-4, God:TSO, Crypt, Tomb,
                  | Pan, Slime:5, Hells, Abyss, Orb
     0 | D:1      | 0 ||| PLANNING D:1-11
    39 | D:1      | Reached skill level 2 in Axes
    60 | D:1      | Reached XP level 2. HP: 19/19 MP: 2/2
    69 | D:1      | 69 ||| Stepping ~*~*~tactically~*~*~ (stealth).
   321 | D:1      | 321 ||| Stepping ~*~*~tactically~*~*~ (stealth).
   395 | D:1      | 395 ||| Stepping ~*~*~tactically~*~*~ (stealth).
   451 | D:1      | Found a faded altar of an unknown god.
   489 | D:1      | 489 ||| Stepping ~*~*~tactically~*~*~ (stealth).
   560 | D:1      | Reached skill level 3 in Axes
   589 | D:1      | Reached XP level 3. HP: 20/23 MP: 3/3
   653 | D:1      | 653 ||| Stepping ~*~*~tactically~*~*~ (stealth).
   658 | D:1      | 658 ||| Stepping ~*~*~tactically~*~*~ (stealth).
   662 | D:1      | 662 ||| Stepping ~*~*~tactically~*~*~ (stealth).
   844 | D:1      | 844 ||| DROPPING +0 club.
  1069 | D:1      | 1069 ||| UPGRADING to +0 chain mail.
  1079 | D:1      | 1079 ||| DROPPING +0 scale mail.
  1080 | D:1      | 1080 ||| UPGRADING to +0 pair of boots.
  1085 | D:1      | 1085 ||| UPGRADING to amulet of the acrobat.
  1090 | D:1      | 1090 ||| DROPPING ring of magical power.
  1091 | D:1      | 1091 ||| READING scroll labelled CAS XYAGGAI.
  1192 | D:1      | 1192 ||| READING 2 scrolls labelled DYNUON HANEF.
  1193 | D:1      | 1193 ||| READING 4 scrolls labelled NEAMIM OBU.
  1198 | D:1      | 1198 ||| READING scroll labelled FECVUPT HESIHES.
  1199 | D:1      | 1199 ||| READING scroll labelled PUSMIU GYUWN.
  1200 | D:1      | 1200 ||| DROPPING scroll of vulnerability.
  1298 | D:2      | 1298 ||| Stepping ~*~*~tactically~*~*~ (stealth).
  1300 | D:2      | 1300 ||| Stepping ~*~*~tactically~*~*~ (hiding).
  1410 | D:2      | Found a stormy altar of Qazlal.
  1725 | D:2      | Found Jiaralae's Book Shop.
  1856 | D:2      | Reached XP level 4. HP: 28/28 MP: 4/4
  1890 | D:2      | Reached skill level 4 in Axes
  1990 | D:2      | You fall into a shaft and drop 1 floor!
  2169 | D:3      | 2169 ||| Stepping ~*~*~tactically~*~*~ (stealth).
  2185 | D:3      | 2185 ||| Stepping ~*~*~tactically~*~*~ (stealth).
  2188 | D:3      | Noticed Robin
  2195 | D:3      | Killed Robin
  2199 | D:3      | 2199 ||| UPGRADING to +0 cloak.
  2204 | D:3      | 2204 ||| UPGRADING to amulet of reflection.
  2214 | D:3      | 2214 ||| DROPPING amulet of the acrobat.
  2215 | D:3      | 2215 ||| UPGRADING to ring of positive energy.
  2216 | D:3      | 2216 ||| READING scroll labelled YZXUIWEAHO.
  2377 | D:3      | 2377 ||| FLEEEEING.
  2378 | D:3      | 2378 ||| FLEEEEING.
  2379 | D:3      | 2379 ||| STAIRDANCE
  2583 | D:3      | 2583 ||| Stepping ~*~*~tactically~*~*~ (hiding).
  2593 | D:3      | Reached XP level 5. HP: 31/32 MP: 5/5
  2646 | D:3      | 2646 ||| FLEEEEING.
  2647 | D:3      | 2647 ||| FLEEEEING.
  2648 | D:3      | 2648 ||| FLEEEEING.
  2649 | D:3      | 2649 ||| FLEEEEING.
  2650 | D:3      | 2650 ||| FLEEEEING.
  2651 | D:3      | 2651 ||| FLEEEEING.
  2652 | D:3      | 2652 ||| FLEEEEING.
  2653 | D:3      | 2653 ||| FLEEEEING.
  2654 | D:3      | 2654 ||| FLEEEEING.
  2655 | D:3      | 2655 ||| FLEEEEING.
  2656 | D:3      | 2656 ||| FLEEEEING.
  2657 | D:3      | 2657 ||| FLEEEEING.
  2658 | D:3      | 2658 ||| FLEEEEING.
  2659 | D:3      | 2659 ||| FLEEEEING.
  2660 | D:3      | 2660 ||| FLEEEEING.
  2661 | D:3      | 2661 ||| FLEEEEING.
  2662 | D:3      | 2662 ||| FLEEEEING.
  2663 | D:3      | 2663 ||| FLEEEEING.
  2664 | D:3      | 2664 ||| FLEEEEING.
  2665 | D:3      | 2665 ||| FLEEEEING.
  2666 | D:3      | 2666 ||| FLEEEEING.
  2667 | D:3      | 2667 ||| FLEEEEING.
  2668 | D:3      | 2668 ||| FLEEEEING.
  2669 | D:3      | 2669 ||| FLEEEEING.
  2670 | D:3      | 2670 ||| FLEEEEING.
  2673 | D:3      | 2673 ||| FLEEEEING.
  2674 | D:3      | 2674 ||| FLEEEEING.
  2675 | D:3      | 2675 ||| FLEEEEING.
  2677 | D:3      | 2677 ||| FLEEEEING.
  2678 | D:3      | 2678 ||| FLEEEEING.
  2679 | D:3      | 2679 ||| FLEEEEING.
  2680 | D:3      | 2680 ||| FLEEEEING.
  2681 | D:3      | 2681 ||| FLEEEEING.
  2682 | D:3      | 2682 ||| STAIRDANCE
  2795 | D:2      | 2795 ||| UPGRADING to +1 helmet.
  2800 | D:2      | 2800 ||| DRINKING 2 inky potions.
  3018 | D:3      | Found Houfiwn's Jewellery Boutique.
  3041 | D:3      | 3041 ||| SHOPLISTING +4 ring of protection (360 gold, have
                  | 134).
  3041 | D:3      | 3041 ||| SHOPLISTING +6 ring of strength (360 gold, have
                  | 134).
  3041 | D:3      | 3041 ||| SHOPLISTING ring "Naocs" {SInv Stlth+} (248 gold,
                  | have 134).
  3041 | D:3      | 3041 ||| SHOPLISTING ring of see invisible (150 gold, have
                  | 134).
  3382 | D:3      | 3382 ||| DRINKING 2 lumpy emerald potions.
  3383 | D:3      | 3383 ||| READING 5 scrolls of teleportation.
  3395 | D:3      | Reached skill level 5 in Axes
  3423 | D:3      | 3423 ||| READING 4 scrolls of teleportation.
  3433 | D:3      | 3433 ||| READING 3 scrolls of teleportation.
  3490 | D:3      | 3490 ||| Stepping ~*~*~tactically~*~*~ (stealth).
  3508 | D:3      | 3508 ||| READING 2 scrolls of teleportation.
  3636 | D:3      | 3636 ||| DRINKING 2 emerald potions.
  3637 | D:3      | 3637 ||| DROPPING potion of degeneration.
  3712 | D:4      | 3712 ||| Stepping ~*~*~tactically~*~*~ (stealth).
  3714 | D:4      | 3714 ||| Stepping ~*~*~tactically~*~*~ (hiding).
  3730 | D:4      | 3730 ||| DROPPING +0 whip.
  3810 | D:4      | Identified the +5 kite shield of Supple Strength {Regen+}
  3820 | D:4      | 3820 ||| Stepping ~*~*~tactically~*~*~ (hiding).
  3821 | D:4      | 3821 ||| Stepping ~*~*~tactically~*~*~ (hiding).
  3847 | D:4      | 3847 ||| Stepping ~*~*~tactically~*~*~ (stealth).
  3864 | D:4      | Reached XP level 6. HP: 26/38 MP: 6/6
  4030 | D:4      | 4030 ||| Stepping ~*~*~tactically~*~*~ (hiding).
  4168 | D:4      | Found a staircase to the Ecumenical Temple.
  4169 | D:4      | 4169 ||| PLANNING TEMPLE
  4169 | D:4      | 4169 ||| UPGRADING to +5 kite shield of Supple Strength
                  | {Regen+}.
  4179 | D:4      | 4179 ||| DROPPING +0 buckler.
  4180 | D:4      | 4180 ||| READING scroll labelled XAOSATAISI.
  4181 | D:4      | 4181 ||| READING scroll labelled GOBIOC HEMYUQ.
  4187 | Temple   | Entered the Ecumenical Temple
  4222 | Temple   | 4222 ||| PLANNING OKAWARU WORSHIP
  4227 | Temple   | Became a worshipper of Warmaster Okawaru
  4228 | Temple   | 4228 ||| PLANNING D:1-11
  4290 | D:4      | Found an ornate altar of the Wu Jian Council.
  4291 | D:4      | Found a shadowy altar of Dithmenos.
  4295 | D:4      | Found a glowing golden altar of the Shining One.
  4295 | D:4      | Found a shimmering blue altar of Sif Muna.
  4298 | D:4      | Found a stormy altar of Qazlal.
  4302 | D:4      | Found a white marble altar of Elyvilon.
  4303 | D:4      | Found a burning altar of Makhleb.
  4303 | D:4      | Found a basalt altar of Yredelemnul.
  4303 | D:4      | Found a sacrificial altar of Ru.
  4304 | D:4      | Found a bloodstained altar of Trog.
  4665 | D:4      | 4665 ||| DRINKING 2 viscous cyan potions.
  4705 | D:5      | Entered Level 5 of the Dungeon
  4709 | D:5      | 4709 ||| STAIRDANCE
  4719 | D:5      | 4719 ||| STAIRDANCE
  4778 | D:5      | 4778 ||| Stepping ~*~*~tactically~*~*~ (stealth).
  4981 | D:5      | Noticed a black bear
  4983 | D:5      | 4983 ||| Stepping ~*~*~tactically~*~*~ (stealth).
  4984 | D:5      | 4984 ||| Stepping ~*~*~tactically~*~*~ (stealth).
  4986 | D:5      | 4986 ||| Stepping ~*~*~tactically~*~*~ (hiding).
  4993 | D:5      | Killed a black bear
  4994 | D:5      | Reached XP level 7. HP: 43/43 MP: 7/7
  5004 | D:5      | 5004 ||| Stepping ~*~*~tactically~*~*~ (stealth).
  5016 | D:5      | Found a hide-covered altar of Uskayaw.
  5046 | D:5      | Reached * piety under Okawaru
  5047 | D:5      | Reached skill level 6 in Axes
  5174 | D:5      | Reached skill level 1 in Invocations
  5403 | D:5      | Found Jovaew's Magic Scroll Boutique.
  5413 | D:5      | 5413 ||| INVOKING Heroism.
  5422 | D:5      | Reached skill level 6 in Shields
  5434 | D:5      | 5434 ||| BUYING scroll of enchant armour (75 gold).
  5434 | D:5      | Bought a scroll of enchant armour for 75 gold pieces
  5434 | D:5      | 5434 ||| BUYING scroll of enchant weapon (75 gold).
  5434 | D:5      | Bought a scroll of enchant weapon for 75 gold pieces
  5434 | D:5      | 5434 ||| BUYING scroll of identify (20 gold).
  5434 | D:5      | Bought a scroll of identify for 20 gold pieces
  5434 | D:5      | 5434 ||| BUYING scroll of teleportation (30 gold).
  5434 | D:5      | Bought a scroll of teleportation for 30 gold pieces
  5434 | D:5      | 5434 ||| READING scroll of enchant armour.
  5434 | D:5      | 5434 ||| ENCHANTING +1 helmet.
  5435 | D:5      | 5435 ||| READING scroll of enchant weapon.
  5435 | D:5      | 5435 ||| ENCHANTING +1 war axe of freezing.
  5550 | D:5      | 5550 ||| FLEEEEING.
  5551 | D:5      | 5551 ||| FLEEEEING.
  5639 | D:5      | 5639 ||| DROPPING ring of wizardry.
  5640 | D:5      | 5640 ||| READING 2 scrolls of identify.
  5640 | D:5      | 5640 ||| IDENTIFYING smoky clear potion
  5665 | D:6      | Found Okyotaic's Assorted Antiques.
  5668 | D:6      | 5668 ||| BUYING scroll labelled CAENABISTRE (15 gold).
  5668 | D:6      | Bought a scroll labelled CAENABISTRE for 15 gold pieces
  5668 | D:6      | 5668 ||| SHOPLISTING scroll of identify (30 gold, have 9).
  5668 | D:6      | 5668 ||| SHOPLISTING scroll of teleportation (45 gold, have
                  | 9).
  5668 | D:6      | 5668 ||| SHOPLISTING sedimented dark potion (13 gold, have
                  | 9).
  5707 | D:6      | 5707 ||| Stepping ~*~*~tactically~*~*~ (stealth).
  5709 | D:6      | 5709 ||| Stepping ~*~*~tactically~*~*~ (hiding).
  5844 | D:6      | Reached skill level 1 in Dodging
  5844 | D:6      | Reached XP level 8. HP: 48/48 MP: 8/10
  5872 | D:6      | Reached skill level 3 in Invocations
  5885 | D:6      | 5885 ||| Stepping ~*~*~tactically~*~*~ (hiding).
  5911 | D:6      | Noticed Eustachio
  5912 | D:6      | 5912 ||| INVOKING Heroism.
  5929 | D:6      | 5929 ||| INVOKING Heroism.
  5932 | D:6      | Killed Eustachio
  6007 | D:6      | Reached ** piety under Okawaru
  6119 | D:6      | 6119 ||| Stepping ~*~*~tactically~*~*~ (stealth).
  6121 | D:6      | 6121 ||| INVOKING Heroism.
  6126 | D:6      | Reached skill level 7 in Axes
  6210 | D:6      | 6210 ||| Stepping ~*~*~tactically~*~*~ (hiding).
  6217 | D:6      | 6217 ||| INVOKING Heroism.
  6396 | D:6      | 6396 ||| DROPPING amulet of regeneration.
  6397 | D:6      | 6397 ||| READING scroll labelled CAENABISTRE.
  6398 | D:6      | 6398 ||| DRINKING 3 sedimented purple potions.
  6399 | D:6      | 6399 ||| DRINKING 2 fizzy clear potions.
  6400 | D:6      | 6400 ||| DRINKING 2 sedimented dark potions.
  6401 | D:6      | 6401 ||| READING 2 scrolls of identify.
  6401 | D:6      | 6401 ||| IDENTIFYING sapphire potion
  6478 | D:7      | 6478 ||| READING scroll of enchant weapon.
  6478 | D:7      | 6478 ||| ENCHANTING +2 war axe of freezing.
  6514 | D:7      | 6514 ||| Stepping ~*~*~tactically~*~*~ (stealth).
  6590 | D:7      | 6590 ||| Stepping ~*~*~tactically~*~*~ (stealth).
  6592 | D:7      | 6592 ||| INVOKING Heroism.
  6600 | D:7      | Noticed a two-headed ogre
  6601 | D:7      | Reached XP level 9. HP: 49/54 MP: 10/12
  6601 | D:7      | Noticed a centaur warrior
  6603 | D:7      | Shot with an arrow by a centaur warrior

Levels and vault maps discovered:
D:1:      minmay_arrival_semitransparent, layout_basic,
          chequers_ecumenical_altar_island, minmay_worlds_worst_comb
D:2:      layout_basic, serial_shops, nicolae_shop_waterfront, basic_altar
D:3:      layout_loops_ring, serial_shops, nicolae_shop_statue_plus,
          chequers_serial_rivers_micro_d, minmay_misc_feat_x,
          grunt_decor_resistance, minmay_puff, uniq_robin
D:4:      layout_loops_ring, gammafunk_temple_overflow_wave,
          grunt_temple_overflow_open, minmay_temple_entry_enclosed_plants
D:5:      layout_loops_corners, mainiacjoe_overflow_cross_hatched, serial_shops,
          shop
D:6:      layout_loops_ring, serial_shops, nicolae_stop_n_shop_1, uniq_eustachio
D:7:      nzn_winding_woodlands_medium [nzn_winding_woodlands_5x5_three,
          nzn_winding_woodlands_5x15_longhouse,
          nzn_winding_woodlands_5x5_perimeter,
          nzn_winding_woodlands_5x5_open_star,
          nzn_winding_woodlands_center_garden, nzn_winding_woodlands_hourglass,
          nzn_winding_woodlands_5x5_closed_star,
          nzn_winding_woodlands_5x15_garden, nzn_winding_woodlands_5x5_default],
          layout_basic, minmay_shop_mayhem, serial_park_tiny_2,
          interstate_on_off, minivault_26, hellmonk_bongcloud_opening
Temple:   nicolae_temple_cloud_nine

Skill      XL: |  1  2  3  4  5  6  7  8 |
---------------+-------------------------+-----
Axes           | 2 3 4 5 6 7 |  7.0
Fighting       | 4 5 |  5.4
Shields        | 5 6 |  6.5
Invocations    | 2 4 |  4.2
Dodging        | 1 |  1.1
Armour         | 4 |  4.7

Action                   |  1- 3 |  4- 6 |  7- 9 || total
-------------------------+-------+-------+-------++-------
Melee: War axe           |   104 |   216 |   135 ||   455
Throw: Boomerang         |       |    10 |    36 ||    46
Invok: Heroism           |       |       |     6 ||     6
  Use: Scroll            |     5 |     7 |     6 ||    18
       Potion            |       |     4 |     3 ||     7
Armor: Scale mail        |    51 |       |       ||    51
       Chain mail        |    13 |   138 |    31 ||   182
Dodge: Dodged            |    62 |    56 |    23 ||   141
Block: Buckler           |    10 |    65 |       ||    75
       Kite shield       |       |    35 |   117 ||   152
       Reflection        |       |     2 |     4 ||     6

Table legend:
 A = Non-vault XP
 B = Vault XP
 C = Vault XP percentage of total XP
 D = Non-vault monster count
 E = Vault monster count
 F = Vault count percentage of total count
                 A         B        C        D         E       F
            +---------+---------+-------+---------+---------+-------
      Total |    2000 |     472 |  19.1 |     126 |      21 |  14.3
            +---------+---------+-------+---------+---------+-------
        D:1 |      42 |       4 |   8.7 |      27 |       2 |   6.9
        D:2 |      53 |       0 |   0.0 |       9 |       0 |   0.0
        D:3 |      93 |      43 |  31.6 |      20 |      16 |  44.4
        D:4 |     200 |       0 |   0.0 |      21 |       0 |   0.0
        D:5 |     685 |       0 |   0.0 |      22 |       0 |   0.0
        D:6 |     674 |     181 |  21.2 |      23 |       1 |   4.2
        D:7 |     253 |     244 |  49.1 |       4 |       2 |  33.3
            +---------+---------+-------+---------+---------+-------
